 Dungeon Crawl Stone Soup version 0.30-a0-585-g93115170b9 (webtiles) character file.

Game seed: 406310239116741982

43 OTABOTABOTAB the Insei (level 3, 0/28 HPs)
             Began as a Gnoll Transmuter on Jan 3, 2023.
             Succumbed to an adder's poison
             ... on level 2 of the Dungeon.
             The game lasted 00:03:02 (1031 turns).

OTABOTABOTAB the Insei (Gnoll Transmuter)           Turns: 1031, Time: 00:03:03

Health: 0/28       AC:  2    Str: 11    XL:     3   Next: 58%
Magic:  9/9        EV: 13    Int: 12    God:
Gold:   55         SH:  0    Dex: 12    Spells: 8/12 levels left

rFire   + . .      SeeInvis .      - Unarmed
rCold   . . .      Faith    .    (no shield)
rNeg    . . .      Spirit   .    a - +0 robe
rPois   .          Reflect  .    (no helmet)
rElec   .          Harm     .    (no cloak)
rCorr   .          Rampage  .    (no gloves)
Will    .....                    (no boots)
Stlth   +                        (no amulet)
HPRegen 0.24/turn                F - ring of protection from fire {rF+, !d}
MPRegen 0.11/turn                (no ring)

@: lethally poisoned (0 -> -4)
A: fangs 1, strong nose, distributed training
a: no special abilities


You were on level 2 of the Dungeon.
You visited 1 branch of the dungeon, and saw 2 of its levels.

You collected 55 gold pieces.

Inventory:

Missiles
 f - 2 poisoned darts
Armour
 a - a +0 robe (worn)
Jewellery
 c - a ring of ice {rC+, rF-}
   (You found it on level 1 of the Dungeon)
 F - a ring of protection from fire (left hand) {rF+, !d}
   (You found it on level 1 of the Dungeon)
Scrolls
 b - a scroll of teleportation {unknown}
 g - a scroll of noise {unknown}
 h - a scroll of identify {unknown}
Potions
 d - a potion of heal wounds {unknown}
 e - a potion of brilliance {unknown}
 P - a potion of lignification {!q}


   Skills:
 + Level 2.6 Fighting
 + Level 0.9 Short Blades
 + Level 0.9 Long Blades
 + Level 0.9 Axes
 + Level 0.9 Maces & Flails
 + Level 0.9 Polearms
 + Level 0.9 Staves
 + Level 0.9 Ranged Weapons
 + Level 0.9 Throwing
 + Level 0.9 Armour
 + Level 4.5 Dodging
 + Level 0.9 Stealth
 + Level 0.9 Shields
 + Level 6.5 Unarmed Combat
 + Level 5.0 Spellcasting
 + Level 0.6 Conjurations
 + Level 0.6 Hexes
 + Level 0.6 Summonings
 + Level 0.6 Necromancy
 + Level 0.6 Translocations
 + Level 3.8 Transmutations
 + Level 0.6 Fire Magic
 + Level 0.6 Ice Magic
 + Level 0.6 Air Magic
 + Level 0.6 Earth Magic
 + Level 0.6 Poison Magic
 + Level 1.0 Invocations
 + Level 0.9 Evocations


You had 8 spell levels left.
You knew the following spells:

 Your Spells              Type           Power      Damage    Failure   Level
a - Beastly Appendage     Tmut           24%        N/A       4%          1
c - Spider Form           Tmut/Pois      8%         N/A       24%         3

Your spell library contained the following spells:

 Spells                   Type           Power      Damage    Failure   Level
 Wereblood                Tmut           12%        N/A       6%          2
 Ice Form                 Ice/Tmut       8%         N/A       63%         4


Dungeon Overview and Level Annotations

Branches:
Dungeon (2/15)

Altars:


Innate Abilities, Weirdness & Mutations

You have very sharp teeth.
Your uncanny sense of smell can sniff out nearby items.
Your experience applies equally to all skills.


Message History

You punch the bat!
You kill the bat!
Your horns disappear.
Your talons disappear.
You see here a bat corpse.
A hobgoblin comes into view.
Health restored: 28; MP restored: 9 A hobgoblin is nearby!
A hobgoblin is nearby!
You throw a stone. The stone hits the hobgoblin.
The hobgoblin shouts!
You grow a pair of large bovine horns.
Your feet morph into talons.
You now have 8/9 mp.
You hit the hobgoblin.
You kill the hobgoblin!
Your Invocations skill increases to level 1!
Unknown command.
No target in view!
No target in view!
No target in view!
Your horns disappear.
Your talons disappear.
Found an escape hatch in the floor.
MP restored: 9 An adder and a quokka come into view.
There are monsters nearby!
There are monsters nearby!
You grow a pair of large bovine horns.
Your feet morph into talons.
The adder bites you.
You are poisoned.
The adder poisons you!
You take 2 damage, and have 26/28 hp.
You now have 8/9 mp.
You closely miss the adder. Your kick misses the adder.
You feel sick. The adder misses you.
You take 2 damage, and have 24/28 hp.
You closely miss the adder. Your kick misses the adder.
The adder completely misses you. The adder closely misses you.
You closely miss the adder. You bite the adder, but do no damage.
You feel sick. The adder barely misses you.
You take 1 damage, and have 24/28 hp.
You miss the adder. Your headbutt misses the adder.
You bite the adder, but do no damage.
You feel sick. The adder bites you.
You are more poisoned.
The adder poisons you!
You take 3 damage, and have 21/28 hp.
You closely miss the adder. Your kick misses the adder.
You headbutt the adder, but do no damage.
You feel sick. The adder closely misses you.
You take 2 damage, and have 19/28 hp.
You barely miss the adder. You claw the adder. Your headbutt misses the adder.
Your bite misses the adder.
Your transformation is almost over.
You feel sick. The adder bites you.
You are more poisoned.
The adder poisons you!
You take 4 damage, and have 15/28 hp.
You closely miss the adder.
You feel sick. The adder barely misses you.
You take 1 damage, and have 14/28 hp.
Unknown command.
You hit the adder.
You feel sick. The adder bites you.
You are more poisoned.
The adder poisons you!
You take 2 damage, and have 12/28 hp.
You closely miss the adder. Your headbutt misses the adder.
You feel sick. The adder bites you but does no damage.
The adder barely misses you.
You take 2 damage, and have 10/28 hp.
Unknown command.
You hit the adder but do no damage. Your headbutt misses the adder.
You bite the adder.
You feel sick. The adder bites you.
* * * LOW HITPOINT WARNING * * *
You take 3 damage, and have 7/28 hp.
MP restored: 9 Unknown command.
You barely miss the adder. You bite the adder, but do no damage.
You feel sick. The adder misses you.
Unknown command.
You miss the adder. Your kick misses the adder.
You feel sick. The adder closely misses you.
You take 1 damage, and have 6/28 hp.
Unknown command.
You barely miss the adder. Your headbutt misses the adder.
You feel sick. The adder bites you.
* * * LOW HITPOINT WARNING * * *
You are lethally poisoned!
The adder poisons you!
You take 2 damage, and have 4/28 hp.
You barely miss the adder. You claw the adder. Your headbutt misses the adder.
* * * LOW HITPOINT WARNING * * *
You feel sick. The adder misses you.
You take 2 damage, and have 2/28 hp.
Unknown command.
You hit the adder.
You kill the adder!
Your horns disappear.
Your talons disappear.
* * * LOW HITPOINT WARNING * * *
You feel sick.
You take 1 damage, and have 1/28 hp.
Unknown command.
* * * LOW HITPOINT WARNING * * *
You feel sick.
Unknown command.
You die...

#.##.#.........##
#................
######....######### #
...........>.......
####.#..................
##....#.##########.######
#P......# #.# #
.PP...#.##########.######
#.......@................
######.##########.....##
#.# #####.# r.. #.# ##.##
#.## #.# #... ..# ####
..# ...


You could see a quokka (asleep).

Vanquished Creatures
  An adder (D:2)
  3 dart slugs (D:1)
  2 ball pythons
  5 endoplasms (D:1)
  3 giant cockroaches (D:1)
  4 hobgoblins
  3 bats
  2 frilled lizards (D:1)
  A kobold (D:1)
  2 rats
26 creatures vanquished.

Notes
Turn   | Place    | Note
-------+----------+-------------------------------------------
     0 | D:1      | OTABOTABOTAB the Gnoll Transmuter began the quest for the
                  | Orb.
     0 | D:1      | Reached XP level 1. HP: 17/17 MP: 6/6
   199 | D:1      | Reached XP level 2. HP: 23/23 MP: 5/7
   640 | D:1      | Reached skill level 5 in Spellcasting
   640 | D:1      | Reached XP level 3. HP: 28/28 MP: 6/9
   836 | D:2      | Learned a level 3 spell: Spider Form
   928 | D:2      | Reached skill level 1 in Invocations
  1024 | D:2      | HP: 7/28 [adder (1)]
  1028 | D:2      | HP: 2/28 [poisoned by an adder]
  1031 | D:2      | Succumbed to an adder's poison

Illustrated notes

Levels and vault maps discovered:
D:1:      dpeg_arrival_pits, layout_loops_ring
D:2:      layout_basic, uniq_crazy_yiuf_cottage

Skill      XL: |  1  2  3 |
---------------+----------+-----
Spellcasting   | 5 |  5.0
Invocations    | 1 |  1.0
Fighting       | |  2.6
Short Blades   | |  0.9
Long Blades    | |  0.9
Axes           | |  0.9
Maces & Flails | |  0.9
Polearms       | |  0.9
Staves         | |  0.9
Ranged Weapons | |  0.9
Throwing       | |  0.9
Armour         | |  0.9
Dodging        | |  4.5
Stealth        | |  0.9
Shields        | |  0.9
Unarmed Combat | |  6.5
Conjurations   | |  0.6
Hexes          | |  0.6
Summonings     | |  0.6
Necromancy     | |  0.6
Translocations | |  0.6
Transmutations | |  3.8
Fire Magic     | |  0.6
Ice Magic      | |  0.6
Air Magic      | |  0.6
Earth Magic    | |  0.6
Poison Magic   | |  0.6
Evocations     | |  0.9

Action                   || total
-------------------------++-------
Melee: Unarmed           ||    72
       Headbutt          ||    11
       Kick              ||    15
       Bite              ||     7
       Punch             ||     1
Throw: Stone             ||     8
 Cast: Beastly Appendage ||    20
 Abil: End Transformatio ||    18
 Stab: Sleeping          ||     2
Armor: Robe              ||    12
Dodge: Dodged            ||    44

Table legend: (Time is in decaauts)
 A = Elapsed time spent in this place.
 B = Non-inter-level travel time spent in this place.
 C = Inter-level travel time spent in this place.
 D = Time resting spent in this place.
 E = Time spent auto-exploring this place.
 F = Levels seen in this place.
 G = Mean time per level.
                   A        B        C        D        E       F      G
               +--------+--------+--------+--------+--------+-----+--------+
         Total |   1022 |    994 |     28 |      0 |    787 |   2 |  511.0 |
       Dungeon |   1022 |    994 |     28 |      0 |    787 |   2 |  511.0 |
               +--------+--------+--------+--------+--------+-----+--------+

Top non-repeatable levels by time:
     D:1: 823 daAuts
     D:2: 199 daAuts

Table legend:
 A = Kills in this place as a percentage of kills in entire the game.
 B = Kills by you in this place as a percentage of kills by you in the entire game.
 C = Kills by friends in this place as a percentage of kills by friends in the entire game.
 D = Other kills in this place as a percentage of other kills in the entire game.
 E = Experience gained in this place as a percentage of experience gained in the entire game.
 F = Experience gained in this place divided by the number of levels of this place that you have seen.
                   A       B       C       D       E      F
               +-------+-------+-------+-------+-------+----------------------
         Total | 100.0 | 100.0 |   N/A |   N/A | 100.0 |  31.0
       Dungeon | 100.0 | 100.0 |   N/A |   N/A | 100.0 |  31.0
               +-------+-------+-------+-------+-------+----------------------
